 Dungeon Crawl Stone Soup version 0.26-a0-863-g3bff4b215c (webtiles) character file.

Game seed: 15338515629108707986

42 karrick the Chopper (level 3, 0/27 HPs)
             Began as a Demonspawn Gladiator on Nov 26, 2020.
             Succumbed to an adder's poison
             ... on level 1 of the Dungeon.
             The game lasted 00:02:02 (907 turns).

karrick the Chopper (Demonspawn Gladiator)           Turns: 907, Time: 00:02:02

Health: 0/27       AC:  4    Str: 12    XL:     3   Next: 33%
Magic:  3/3        EV: 13    Int: 10    God:
Gold:   37         SH:  0    Dex: 14    Spells: 2/2 levels left

rFire    . . .     SeeInvis .   a - +0 war axe
rCold    . . .     Faith    .   (no shield)
rNeg     . . .     Spirit   .   b - +0 leather armour
rPois    +         Reflect  .   c - +0 helmet
rElec    .         Harm     .   (no cloak)
rCorr    .         Rampage  .   (no gloves)
MR       +....                  (no boots)
Stlth    +.........             (no amulet)
HPRegen  0.09/turn              (no ring)
MPRegen  0.08/turn              (no ring)

@: lethally poisoned (0 -> -1)
A: magic resistance 1, poison resistance, powered by death 2, weak 1, evolution
1
a: no special abilities


You were on level 1 of the Dungeon.
You visited 1 branch of the dungeon, and saw 2 of its levels.

You collected 37 gold pieces.

Inventory:

Hand Weapons
 a - a +0 war axe (weapon)
Missiles
 d - 3 throwing nets (quivered)
Armour
 b - a +0 leather armour (worn)
 c - a +0 helmet (worn)
Scrolls
 f - 2 scrolls of remove curse
 g - a scroll of identify
 h - a scroll of fog


   Skills:
 + Level 2.1 Fighting
 + Level 3.4 Axes
 + Level 1.9 Throwing
 + Level 0.2 Armour
 + Level 3.1 Dodging
 + Level 0.3 Stealth


You had 2 spell levels left.
You didn't know any spells.
Your spell library was empty.

Dungeon Overview and Level Annotations

Branches:
Dungeon (2/15)

Altars:
Cheibriados


Innate Abilities, Weirdness & Mutations

You regenerate health from kills.
You are resistant to hostile enchantments. (MR+)
Your system is resistant to poisons. (rPois)
You are weak. (Str -2)
You evolve.


Message History

* * * LOW HITPOINT WARNING * * *
You feel sick.
* * * LOW HITPOINT WARNING * * *
You feel sick.
* * * LOW HITPOINT WARNING * * *
You feel sick.
Your transformation is almost over.
* * * LOW HITPOINT WARNING * * *
You feel sick.
* * * LOW HITPOINT WARNING * * *
You feel sick.
You feel less wooden.
Your +0 helmet unmelds from your body.
Your +0 leather armour unmelds from your body.
There is a lethal amount of poison in your body!
It was a potion of mutation.
You feel extremely strange.
You feel resistant to hostile enchantments.
You feel weaker.
You feel resistant to poisons.
You feel nature experimenting on you.
Don't worry, failures die fast.
You die...

.# ###.# #...#####....#
#. ## #.# #._..........#
#. #
#.######...#.###...## #.
# #..........>.# ##.##
## # #########.####
##.## ## #
#.######...######.
##########
#.......###.......
#.......†############.##
##.####.
#.######......[.@.....#
#...... #.#
##############.##
##.##### #.# ##.###.##
#.# ##†..## #.# #####
#.# #.# #.# ).#


There were no monsters in sight!

Vanquished Creatures
  An adder (D:2)
  A dart slug (D:1)
  2 giant cockroaches (D:1)
  4 hobgoblins (D:1)
  2 kobolds (D:1)
  6 bats
  3 frilled lizards (D:1)
  8 goblins (D:1)
  A rat (D:1)
28 creatures vanquished.

Notes
Turn   | Place    | Note
-------+----------+-------------------------------------------
     0 | D:1      | karrick the Demonspawn Gladiator began the quest for the
                  | Orb.
     0 | D:1      | Reached XP level 1. HP: 16/16 MP: 1/1
   140 | D:1      | Gained mutation: You regenerate a little health from kills.
                  | [demonic ancestry]
   140 | D:1      | Reached XP level 2. HP: 22/22 MP: 2/2
   505 | D:1      | Found a snail-covered altar of Cheibriados.
   668 | D:1      | Gained mutation: You regenerate health from kills. [demonic
                  | ancestry]
   668 | D:1      | Reached XP level 3. HP: 27/27 MP: 3/3
   896 | D:1      | HP: 2/40 [poisoned by an adder]
   903 | D:1      | HP: 1/40 [poisoned by an adder]
   907 | D:1      | Gained mutation: You are resistant to hostile enchantments.
                  | (MR+) [potion of mutation]
   907 | D:1      | Gained mutation: You are weak. (Str -2) [potion of
                  | mutation]
   907 | D:1      | Gained mutation: Your system is resistant to poisons.
                  | (rPois) [potion of mutation]
   907 | D:1      | Gained mutation: You evolve. [potion of mutation]
   907 | D:1      | Succumbed to an adder's poison

Illustrated notes

Levels and vault maps discovered:
D:1:      eino_arrival_cavern_b, layout_loops_ring, cheibriados_altar_1
D:2:      wad_crossroads, layout_basic, uniq_sigmund

Skill      XL: |  1  2 |
---------------+-------+-----
Dodging        | 3 |  3.1
Axes           | 3 |  3.4
Fighting       | |  2.1
Throwing       | |  1.9
Armour         | |  0.2
Stealth        | |  0.3

Action                   || total
-------------------------++-------
Melee: War axe           ||    90
  Use: Potion            ||     4
       Scroll            ||     3
 Stab: Sleeping          ||     1
Armor: Leather armour    ||    37
Dodge: Dodged            ||    74

Table legend: (Time is in decaauts)
 A = Elapsed time spent in this place.
 B = Non-inter-level travel time spent in this place.
 C = Inter-level travel time spent in this place.
 D = Time resting spent in this place.
 E = Time spent auto-exploring this place.
 F = Levels seen in this place.
 G = Mean time per level.
                   A        B        C        D        E       F      G
               +--------+--------+--------+--------+--------+-----+--------+
         Total |    939 |    914 |     25 |      0 |    659 |   2 |  469.5 |
       Dungeon |    939 |    914 |     25 |      0 |    659 |   2 |  469.5 |
               +--------+--------+--------+--------+--------+-----+--------+

Top non-repeatable levels by time:
     D:1: 897 daAuts
     D:2: 42 daAuts
